 Dungeon Crawl Stone Soup version 0.30-a0-1053-gbd8d5ba0ad (webtiles) character file.

Game seed: 7749659117286864186

958 MachoJfn the Insei (level 8, -1/54 HPs)
             Began as a Djinni Transmuter on Apr 11, 2023.
             Slain by a gnoll
             ... wielding a +0 spear
             ... led by a gnoll sergeant
              (6 damage)
             ... on level 5 of the Dungeon.
             The game lasted 00:22:17 (5254 turns).

MachoJfn the Insei (Djinni Transmuter)              Turns: 5254, Time: 00:22:17

Health: -1/54      AC:  6    Str: 17    XL:     8   Next: 37%
Gold:   1557       EV: 23    Int: 15    God:
                   SH:  0    Dex: 19

rFire   . . .      SeeInvis .      - Unarmed
rCold   . . .      Faith    .    (shield currently unavailable)
rNeg    . . .      Spirit   .    a - melded +2 robe
rPois   ∞          Reflect  .    (helmet currently unavailable)
rElec   .          Rampage  .    (cloak currently unavailable)
rCorr   .                        (gloves currently unavailable)
Will    .....                    (boots unavailable)
Stlth   ++                       (no amulet)
HPRegen 0.29/turn                i - +4 ring of protection
MPRegen 0.00/turn                B - +6 ring of strength

@: spider-form, wereblooded, flying
A: venomous fangs, flying, sickness immunity, tiny, (fire resistance 2), (cold
vulnerability 1), float, innate caster, HP casting, extra vitality 1
a: End Transformation


You were on level 5 of the Dungeon.
You were a venomous arachnid creature.
You visited 1 branch of the dungeon, and saw 5 of its levels.
You also visited: Sewer.

You collected 1583 gold pieces.
You spent 26 gold pieces at shops.

Inventory:

Hand Weapons
 n - a +0 scythe
 q - a +1 whip of freezing
 C - a +3 vampiric dagger
Missiles
 c - 40 stones
 e - 2 poisoned darts
 o - 4 boomerangs (quivered)
Armour
 a - a +2 robe (melded)
 h - a +1 leather armour
Magical Staves
 m - a staff of cold
Jewellery
 i - a +4 ring of protection (left front pincers)
 y - a ring of ice
 B - a +6 ring of strength (right front pincers)
Wands
 j - a wand of paralysis (14)
Scrolls
 d - 3 scrolls of amnesia
 g - 8 scrolls of teleportation
 p - 3 scrolls of fear
 s - 3 scrolls of noise
 x - a scroll of silence {unknown}
Potions
 b - 2 potions of lignification
 f - 3 potions of curing
 k - 2 potions of resistance
 l - 3 potions of brilliance
 r - a potion of attraction {unknown}
 t - a potion of degeneration
 u - a potion of cancellation
 v - 6 potions of flight
 w - a potion of heal wounds
 z - 3 potions of haste
 A - a potion of invisibility
 D - a potion of berserk rage


   Skills:
 + Level 1.9 Fighting
 + Level 5.3 Dodging
 + Level 1.1 Stealth
 + Level 6.7 Unarmed Combat
 + Level 3.7 Spellcasting


You knew the following spells:

 Your Spells              Type           Power      Damage    Failure   Level
a - Beastly Appendage     Tmut           26%        N/A       13%         1
b - Wereblood             Tmut           13%        N/A       17%         2
c - Spider Form           Tmut/Pois      13%        N/A       28%         3
d - Ice Form              Ice/Tmut       13%        N/A       61%         4
e - Magic Dart            Conj           52%        1d5       13%         1
f - Poisonous Vapours     Pois/Air       26%        N/A       17%         2
g - Momentum Strike       Conj/Tloc      26%        3d8       17%         2
Your spell library was empty.

Dungeon Overview and Level Annotations

Branches:
Dungeon (5/15)              Sewer (visited)
 Temple: D:4-7

Altars:

Shops:
D:2 *   D:4 :

Annotations:
D:5 Edmund


Innate Abilities, Weirdness & Mutations

You are a venomous arachnid creature.
You have venomous fangs.
You are tiny and dextrous.
You are flying.
Your spellcasting is less reliable in this form.
Your armour is entirely melded.
You are incapable of wielding weapons or throwing items.
You are immune to sickness and miasma.
You are immune to poison.
((Your flesh is very heat resistant. (rF++)))
((You are vulnerable to cold. (rC-)))
You float through the air rather than walking.
You learn spells naturally, not from books.
Your magical power is your life essence.
You have superior vitality. (+4 MHP)


Message History

The phantom is almost destroyed.
The hound completely misses you. The gnoll hits you but does no damage.
The phantom closely misses you. The sleepcap closely misses you.
The gnoll sergeant hits you from afar with a +2 spear of flaming.
The gnoll sergeant burns you.
The gnoll hits you from afar with a +0 spear.
The gnoll closely misses you. The hound bites you but does no damage.
The dart slug misses you.
You completely miss the phantom.
The phantom is almost destroyed.
The hound bites you but does no damage. The phantom completely misses you.
The sleepcap closely misses you. The gnoll sergeant misses you.
The gnoll hits you from afar with a +0 spear!
* * * LOW HITPOINT WARNING * * *
The gnoll hits you but does no damage. The gnoll misses you.
You feel much better. The hound misses you. The dart slug misses you.
The gnoll barely misses you. The phantom barely misses you.
The gnoll misses you. The sleepcap misses you.
The gnoll sergeant hits you from afar with a +2 spear of flaming.
The gnoll sergeant burns you. The gnoll barely misses you.
The gnoll hits you with a +0 flail!
* * * LOW HITPOINT WARNING * * *
The hound bites you but does no damage.
You closely miss the phantom.
The phantom is almost destroyed.
The hound closely misses you. The gnoll completely misses you.
The gnoll misses you. The phantom completely misses you.
The sleepcap barely misses you.
The gnoll sergeant hits you from afar with a +2 spear of flaming.
* * * LOW HITPOINT WARNING * * *
The gnoll sergeant burns you.
* * * LOW HITPOINT WARNING * * *
The gnoll completely misses you. x2
You hit the phantom.
You feel a bit better.
You destroy the phantom!
The hound barely misses you.
The dart slug bites you but does no damage.
The gnoll barely misses you.
The gnoll hits you from afar with a +0 spear.
You die...

. ##. # #..
#.### #.#
.....###.# ##.
.......>.# ....
..##...#.##...#
#......h.g...#
..#.....sg.#...
#....w.f...#
........ggg.##
###......@....
#.$...........
$...........!..
##............:
#.#...........


You could see Edmund, a sleepcap, a gnoll sergeant, a hound, 4 gnolls and a dart
slug.

Vanquished Creatures
  Sigmund (D:2)
  An ogre (D:4)
  A phantom (D:5)
  2 scorpions (D:4)
  3 hounds (D:4)
  3 orc priests
  3 orc wizards (D:4)
  A gnoll (D:4)
  16 adders
  3 river rats (Sewer)
  A white imp (D:4)
  An ufetubus (D:3)
  3 worms (Sewer)
  2 dart slugs
  9 orcs
  13 ball pythons
  13 bats
  10 endoplasms
  7 giant cockroaches
  10 goblins
  10 hobgoblins
  11 jackals
  7 quokkas
  3 frilled lizards
  11 kobolds
  9 rats
154 creatures vanquished.

Notes
Turn   | Place    | Note
-------+----------+-------------------------------------------
     0 | D:1      | MachoJfn the Djinni Transmuter began the quest for the Orb.
     0 | D:1      | MachoJfn set off with the following spells memorised:
                  | Beastly Appendage, Wereblood, Spider Form, Ice Form.
     0 | D:1      | Reached XP level 1. HP: 17/17 MP: 0/0
   297 | D:1      | Reached XP level 2. HP: 17/22 MP: 0/0
  1099 | D:1      | Reached XP level 3. HP: 24/27 MP: 0/0
  1099 | D:1      | Learned a level 1 spell: Magic Dart
  1295 | D:2      | Noticed Sigmund
  1380 | D:2      | Found Dacoj's General Store.
  1387 | D:2      | Bought a scroll of identify for 26 gold pieces
  1435 | D:2      | Killed Sigmund
  1436 | D:2      | Reached skill level 4 in Unarmed Combat
  1436 | D:2      | Reached XP level 4. HP: 4/32 MP: 0/0
  1436 | D:2      | Reached XP level 5. HP: 5/37 MP: 0/0
  1436 | D:2      | Learned a level 2 spell: Poisonous Vapours
  1436 | D:2      | Reached XP level 6. HP: 6/42 MP: 0/0
  2212 | D:3      | HP: 2/42 [orc priest/divine providence (14)]
  2453 | D:3      | Reached skill level 5 in Unarmed Combat
  2546 | D:3      | Found a glowing drain.
  2612 | Sewer    | Entered a sewer
  2796 | Sewer    | Reached XP level 7. HP: 33/47 MP: 0/0
  2796 | Sewer    | Learned a level 2 spell: Momentum Strike
  2802 | Sewer    | Reached skill level 1 in Stealth
  3921 | D:4      | Found Asmif's Tremendous Tomes.
  4052 | D:4      | Reached skill level 6 in Unarmed Combat
  4164 | D:4      | Identified a scroll of acquirement
  4164 | D:4      | Acquired 905 gold pieces
  4177 | D:4      | Reached skill level 5 in Dodging
  4262 | D:4      | Reached XP level 8. HP: 52/52 MP: 0/0
  5231 | D:5      | Entered Level 5 of the Dungeon
  5247 | D:5      | Noticed Edmund
  5254 | D:5      | Slain by a gnoll

Illustrated notes

Levels and vault maps discovered:
D:1:      dpeg_arrival_arbitrary_a, layout_basic
D:2:      layout_rooms, serial_shops, shop, uniq_sigmund
D:3:      layout_basic, portal_sewer_entry_f, minmay_vboxes
D:4:      minmay_polygon_palace, layout_layer_cave,
          nicolae_shop_i_like_big_books
D:5:      layout_rooms, uniq_edmund

Skill      XL: |  1  2  3  4  5  6  7 |
---------------+----------------------+-----
Spellcasting   | 2 3 |  3.7
Dodging        | 3 4 5 |  5.3
Unarmed Combat | 4 5 6 |  6.7
Stealth        | 1 |  1.1
Fighting       | |  1.9

Action                     |  1- 3 |  4- 6 |  7- 9 || total
---------------------------+-------+-------+-------++-------
  Melee: Unarmed           |   112 |   171 |   201 ||   484
         Headbutt          |    12 |    15 |    21 ||    48
         Punch             |     2 |     3 |     4 ||     9
  Throw: Boomerang         |       |     3 |       ||     3
   Cast: Beastly Appendage |    24 |    27 |    27 ||    78
         Spider Form       |     2 |     1 |     5 ||     8
         Magic Dart        |       |     1 |       ||     1
         Wereblood         |       |       |     9 ||     9
    Use: Potion            |     3 |     3 |     1 ||     7
         Scroll            |     5 |     1 |     8 ||    14
   Stab: Sleeping          |     1 |     2 |     1 ||     4
 Armour: Robe              |    33 |    65 |    72 ||   170
         Skin              |     6 |     2 |    18 ||    26
  Dodge: Dodged            |    99 |   134 |   251 ||   484

Table legend: (Time is in decaauts)
 A = Elapsed time spent in this place.
 B = Non-inter-level travel time spent in this place.
 C = Inter-level travel time spent in this place.
 D = Time resting spent in this place.
 E = Time spent auto-exploring this place.
 F = Levels seen in this place.
 G = Mean time per level.
                   A        B        C        D        E       F      G
               +--------+--------+--------+--------+--------+-----+--------+
         Total |   5207 |   4587 |    620 |    847 |   2445 |   6 |  867.8 |
       Dungeon |   4592 |   3972 |    620 |    796 |   2178 |   5 |  918.4 |
         Sewer |    614 |    614 |      0 |     51 |    267 |   1 |  614.0 |
               +--------+--------+--------+--------+--------+-----+--------+

Top non-repeatable levels by time:
     D:4: 1593 daAuts
     D:1: 1250 daAuts
     D:3: 908 daAuts
     D:2: 820 daAuts
   Sewer: 614 daAuts
     D:5: 20 daAuts
